 Dungeon Crawl Stone Soup version 0.31-a0-538-gbc85326fa9 (webtiles) character file.

Game seed: 17946706086409848596

404296 jt the Warrior (level 24, -4/224 HPs)
             Began as a Djinni Fighter on Aug 13, 2023.
             Was a Follower of Jiyva.
             Slain by a skeletal warrior
             ... wielding a +0 battleaxe
             ... led by an ancient champion
              (11 damage)
             ... on level 2 of the Crypt on Aug 15, 2023.
             The game lasted 02:58:23 (65160 turns).

jt the Warrior (Djinni Fighter)                    Turns: 65160, Time: 02:58:24

Health: -4/224     AC: 29    Str: 27    XL:     24   Next: 49%
Gold:   2002       EV: 10    Int: 24    God:    Jiyva [*.....] SH: 20 Dex: 17

rFire   . . .        a - +9 broad axe of Honour {heavy, Str+4}
rCold   . . .        B - +1 kite shield {rN+}
rNeg    + + +        m - melded +2 ice dragon scales "Loxushiq" {rF- rC++ rN+}
rPois   ∞            V - +2 hat {Int+3}
rElec   +            d - scarf {rC+ rF+}
rCorr   +            U - melded +0 pair of gloves of Bitterness {rF+ MP-9 Dex+5}
SInv    .            (boots unavailable)
Will    +++..        n - amulet of reflection
Stlth   +            A - ring of Romapn {rElec rN+ rCorr}
HPRegen 1.37/turn    e - ring "Buxyvuq" {Str+6 Int+5 Slay+2 Stlth-}
MPRegen 0.00/turn

%: reflection, infuse magic (-5 HP)
@: statue-form, flying, studying 2 skills, fire susceptible, very slow
A: slow and powerful, torment resistance 1, flying, boosted hp, sickness
immunity, fire resistance 2, cold vulnerability 1, float, innate caster, HP
casting, extra vitality 1, strong-willed 1, MP-powered wands
}: 2/15 runes: decaying, serpentine
a: Begin Untransformation, Renounce Religion


You were on level 2 of the Crypt.
You worshipped Jiyva.
Jiyva was aware of your devotion.
You were a living statue of rough stone.
You visited 10 branches of the dungeon, and saw 43 of its levels.
You also visited: Trove, Sewer, Bailey, Ice Cave and Volcano.

You collected 6342 gold pieces.
You spent 4340 gold pieces at shops.

Inventory:

Hand Weapons
 a - the +9 broad axe of Honour (weapon) {heavy, Str+4}
   (You acquired it on level 3 of the Dungeon)

   Str+4:     It affects your strength (+4).
 b - a +1 broad axe of flaming
 h - the +8 trident of Mayhem {elec, rElec rPois Str+3 Int-3}
   (You took it off a deep elf demonologist on level 3 of the Elven Halls)

   Str+3:     It affects your strength (+3).
   Int-3:     It affects your intelligence (-3).
   rElec:     It insulates you from electricity.
   rPois:     It protects you from poison
 P - a +2 broad axe of electrocution
 T - the +7 morningstar of Yruocw {pain, +Blink rC+ Int+3}
   (You bought it in a shop on level 2 of the Orcish Mines)

   Int+3:     It affects your intelligence (+3).
   rC+:       It protects you from cold.
   +Blink:    It lets you blink.
Missiles
 t - 2 curare-tipped darts
Armour
 d - a scarf of resistance (worn)
 m - the +2 ice dragon scales "Loxushiq" (melded) {rF- rC++ rN+}
   (You bought it in a shop on level 2 of the Dungeon)

   rF-:       It makes you vulnerable to fire.
   rC++:      It greatly protects you from cold.
   rN+:       It protects you from negative energy.
 B - a +1 kite shield of positive energy (worn)
 U - the +0 pair of gloves of Bitterness (melded) {rF+ MP-9 Dex+5}
   (You bought it in a shop on level 5 of the Dungeon)

   Dex+5:     It affects your dexterity (+5).
   rF+:       It protects you from fire.
   MP-9:      It affects your magic capacity (-9).
 V - a +2 hat of intelligence (worn)
Jewellery
 e - the ring "Buxyvuq" (right fist) {Str+6 Int+5 Slay+2 Stlth-}
   (You found it in a treasure trove)

   [ring of strength]

   Str+6:     It affects your strength (+6).
   Int+5:     It affects your intelligence (+5).
   Slay+2:    It affects your accuracy & damage with ranged weapons and melee
   (+2).
   Stlth-:    It makes you less stealthy.
 g - the ring "Gucef" {Will+ Int+3}
   (You found it on level 6 of the Dungeon)

   [ring of willpower]

   Int+3:     It affects your intelligence (+3).
   Will+:     It increases your willpower.
 j - a ring of protection from cold
 n - an amulet of reflection (around neck)
 u - the ring of Acsedghin {rN+ rCorr Str-5 SInv Stlth+}
   (You found it in a treasure trove)

   [ring of resist corrosion]

   Str-5:     It affects your strength (-5).
   rN+:       It protects you from negative energy.
   SInv:      It lets you see invisible.
   rCorr:     It protects you from acid and corrosion.
   Stlth+:    It makes you more stealthy.
 w - the ring "Ojiucih" {rPois rN++ Int+6 Slay+3}
   (You took it off a deep elf blademaster on level 3 of the Elven Halls)

   [ring of poison resistance]

   Int+6:     It affects your intelligence (+6).
   Slay+3:    It affects your accuracy & damage with ranged weapons and melee
   (+3).
   rPois:     It protects you from poison rN++: It greatly protects you from
   negative energy.
 A - the ring of Romapn (left fist) {rElec rN+ rCorr}
   (You took it off a deep elf elementalist on level 3 of the Elven Halls)

   [ring of resist corrosion]

   rElec:     It insulates you from electricity.
   rN+:       It protects you from negative energy.
   rCorr:     It protects you from acid and corrosion.
 E - the ring "Nikamyqibb" {rF+ rN+ Str-3 Int+3}
   (You found it in a treasure trove)

   [ring of positive energy]

   Str-3:     It affects your strength (-3).
   Int+3:     It affects your intelligence (+3).
   rF+:       It protects you from fire.
   rN+:       It protects you from negative energy.
Talismans
 o - a granite talisman (active)
 p - a dragon-blood talisman
 X - a talisman of death
Wands
 i - a wand of charming (35)
 q - a wand of digging (53)
 C - a wand of flame (101)
 G - a wand of acid (10)
 H - a wand of iceblast (17)
 R - a wand of polymorph (20)
Scrolls
 r - 9 scrolls of enchant weapon
 x - a scroll of enchant armour
 y - 4 scrolls of immolation
 F - 6 scrolls of revelation
 K - 6 scrolls of fear
 L - 4 scrolls of silence
 M - 10 scrolls of teleportation
 N - 5 scrolls of vulnerability
 Q - 6 scrolls of fog
 S - 3 scrolls of poison
 Z - 2 scrolls of butterflies
Potions
 c - 13 potions of curing
 f - 3 potions of brilliance
 k - 2 potions of resistance
 l - 6 potions of enlightenment
 s - a potion of haste
 D - 9 potions of mutation
 O - 4 potions of ambrosia
 W - 3 potions of berserk rage
Miscellaneous
 v - a tin of tremorstones (2/2)
 z - a lightning rod (4/4)
 I - a phial of floods
 J - a sack of spiders
 Y - a phantom mirror


   Skills:
 + Level 18.8 Fighting
 - Level 18.0 Axes
 - Level 2.0 Throwing
 - Level 15.5 Armour
 - Level 15.0 Shields
 + Level 12.0 Spellcasting
 + Level 9.1 Conjurations
 + Level 9.1 Hexes
 + Level 9.1 Summonings
 + Level 9.1 Necromancy
 + Level 9.1 Translocations
 + Level 9.1 Transmutations
 + Level 9.1 Fire Magic
 + Level 9.1 Ice Magic
 + Level 9.1 Air Magic
 + Level 9.1 Earth Magic
 + Level 9.1 Poison Magic
 + Level 10.2 Evocations
 + Level 14.4 Shapeshifting


You knew the following spells:

 Your Spells              Type           Power      Damage    Failure   Level
a - Slow                  Hex            100%       N/A       1%          1
b - Call Imp              Summ           100%       N/A       1%          2
c - Ignite Poison         Fire/Tmut/Pois 55%        N/A       1%          3
d - Summon Guardian Gole  Hex/Summ       55%        N/A       1%          3
e - Lee's Rapid Deconstr  Erth           27%        3d15*     3%          5
f - Summon Mana Viper     Hex/Summ       55%        N/A       3%          5
g - Leda's Unmaking       Conj/Erth      27%        9d5       22%         6
h - Orb of Destruction    Conj           27%        9d9       75%         7
i - Summon Cactus Giant   Summ           27%        N/A       22%         6
j - Monstrous Menagerie   Summ           27%        N/A       75%         7
k - Ozocubu's Refrigerat  Ice            27%        4d13      75%         7
Your spell library was empty.

Dungeon Overview and Level Annotations

Branches:
Dungeon (15/15)            Temple (1/1) D:6            Lair (5/5) D:8
  Swamp (4/4) Lair:2        Snake (4/4) Lair:3        Slime (0/5) Lair:5
    Orc (2/2) D:9             Elf (3/3) Orc:2        Vaults (5/5) D:13
  Crypt (1/3) Vaults:2     Depths (2/4) D:15          Sewer (visited)
 Bailey (visited)           IceCv (visited)         Volcano (visited)

Altars:
Ashenzari
Cheibriados
Dithmenos
Elyvilon
Fedhas
Gozag
Hepliaklqana
Makhleb
Nemelex Xobeh
Okawaru
Qazlal
Ru
Trog
Uskayaw
Wu Jian
Xom
Yredelemnul
Zin
The Shining One
Ignis
Jiyva

Shops:
D:2 [(   D:5 [   D:9 *   Orc:2 (:?:   Snake:1 ?[   Vaults:1 (

Portals:
Hell: Depths:1
Abyss: Swamp:3 Depths:1

Annotations:
Swamp:2 1 runed translucent door, MackTheKnife's ghost, adept DjAE
Swamp:3 2 transporters, MirrMurr's ghost, adept SpHu


Innate Abilities, Weirdness & Mutations

You are a living statue of rough stone.
Your actions are slow, but your melee attacks are powerful.
You are resistant to unholy torment.
You are flying.
Your maximum health is increased.
Your equipment is partially melded.
You are immune to sickness and miasma.
You are immune to poison.
Your flesh is very heat resistant. (rF++)
You are vulnerable to cold. (rC-)
You float through the air rather than walking.
You learn spells naturally, not from books.
Your magical power is your life essence.
You have superior vitality. (+4 MHP)
You are strong-willed. (Will+)
You expend health (3 HP) to strengthen your wands.


Message History

* * * LOW HITPOINT WARNING * * *
The ancient champion burns you.
* * * LOW HITPOINT WARNING * * *
You block the ancient champion's attack.
The skeletal warrior hits you but does no damage.
The skeletal warrior closely misses you.
The skeletal warrior barely misses you.
You block the ancient champion's attack.
The skeletal warrior hits you with a +0 flail!!
* * * LOW HITPOINT WARNING * * *
The skeletal warrior hits you but does no damage.
You block the skeletal warrior's attack.
The ancient champion hits you but does no damage.
Okay, then.
You feel better.
You feel yourself speed up.
The ancient champion casts a spell at you.
The entropic shot hits you.
* * * LOW HITPOINT WARNING * * *
The skeletal warrior hits you but does no damage.
You block the skeletal warrior's attack.
The skeletal warrior misses you.
You block the ancient champion's attack.
The skeletal warrior hits you with a +0 flail!
* * * LOW HITPOINT WARNING * * *
You block the skeletal warrior's attack.
The skeletal warrior closely misses you.
You block the ancient champion's attack.
You feel better.
You block the ancient champion's attack.
The skeletal warrior hits you with a +0 battleaxe.
* * * LOW HITPOINT WARNING * * *
You block the skeletal warrior's attack. x2
The ancient champion hits you with a +0 great sword of flaming.
* * * LOW HITPOINT WARNING * * *
The ancient champion burns you.
* * * LOW HITPOINT WARNING * * *
You block the skeletal warrior's attack.
The skeletal warrior hits you with a +0 battleaxe!
You die...

.........#
........#
........#
.......###
#.........
#......#
#..z...#
#.8†.?.#
#†zz...#
#.z....#
#......#
#......#
.........
..........
...........


You could see an ancient champion (fast) and 3 skeletal warriors.

Vanquished Creatures
  Saint Roka (Snake:3)
  2 liches (Vaults:2)
  Zenata (Vaults:3)
  The ghost of Gonzollydolly the Brawler, an adept TrCK of Lugonu (Vaults:2)
  A quicksilver dragon (Vaults:5)
  2 deep elf blademasters (Elf:3)
  8 sphinxes
  2 deep elf master archers (Elf:3)
  Gastronok (D:12)
  An ancient champion (Crypt:1)
  The ghost of NigelTetley the Marksdemigod, an adept DgHu (Elf:1)
  Aizul (Snake:1)
  A tengu reaver (Vaults:4)
  Roxanne (Snake:4)
  Kirke (Lair:4)
  2 thorn hunters (Swamp:1)
  4 shadow dragons
  2 storm dragons
  10 nagarajas
  2 frost giants
  A fenstrider witch (Swamp:4)
  2 fire giants
  4 deep elf sorcerers
  6 vault wardens
  3 deep elf elementalists (Elf:3)
  4 ghouls
  2 very ugly things (Depths:1)
  2 war gargoyles
  7 stone giants
  3 ironbound thunderhulks
  16 ironbound preservers
  3 orc warlords
  2 formless jellyfish
  A vampire knight (Crypt:1)
  9 deep elf demonologists (Elf:3)
  13 dire elephants
  6 eleionomae
  4 bunyips
  7 deep elf annihilators
  2 eidola
  4 ettins
  Josephine (Swamp:1)
  10 deep elf death magi
  4 crystal guardians
  2 fire dragons
  The ghost of jt the Fighter, a journeyman DjCA of Ignis (D:9)
  4 shambling mangroves
  2 jiangshi (Crypt:1)
  Fannar (D:12)
  An entropy weaver (Vaults:4)
  5 deep elf high priests
  25 hydras
  An ice dragon (Depths:2)
  8 yaktaur captains
  3 great orbs of eyes
  5 peacekeepers
  A rakshasa (Depths:2)
  Erolcha (Orc:2)
  2 ogre magi (Orc:2)
  18 vault guards
  A death knight (Crypt:1)
  A ghost crab (Swamp:2)
  4 catoblepae
  13 centaur warriors
  6 anacondas
  Erica (D:9)
  4 ironbound frosthearts
  4 tengu warriors
  5 deep troll earth magi
  A spectral fire giant (Vaults:2)
  5 boulder beetles
  7 dancing weapons
  5 two-headed ogres
  13 alligators
  3 deep troll shamans
  A hell hog (Volcano)
  10 death yaks
  18 naga warriors
  2 vampire magi (Crypt:1)
  14 naga sharpshooters
  2 orc high priests
  6 shock serpents
  8 deep elf knights
  19 skeletal warriors
  6 iron trolls
  A shadow wraith (Crypt:2)
  A death drake (Snake:1)
  9 naga ritualists
  2 salamander mystics
  2 goliath frogs
  A glowing orange brain (shapeshifter) (Vaults:1)
  3 glowing orange brains
  11 bog bodies
  48 deep trolls
  9 deep elf archers
  2 flayed ghosts
  8 wizards
  4 spriggan druids
  8 swamp dragons
  16 ironbound convokers
  Pikel (D:8)
  15 mana vipers
  12 lindwurms
  11 orc knights
  3 necromancers
  4 phantasmal warriors
  17 deep elf zephyrmancers
  9 orc sorcerers
  18 deep elf pyromancers
  40 ugly things
  A tengu skeleton (Vaults:4)
  3 manticores
  6 cyclopes
  A moth of wrath (shapeshifter) (Elf:1)
  12 salamanders
  3 ice statues (IceCv)
  5 will-o-the-wisps
  A moth of wrath (D:9)
  37 black mambas
  Joseph (D:7)
  8 guardian serpents
  17 vault sentinels
  20 elephants
  A stone giant skeleton (Vaults:4)
  2 molten gargoyles (Volcano)
  20 naga magi
  14 cane toads
  A torpor snail (Lair:3)
  A death yak zombie (Crypt:1)
  Psyche (D:8)
  An eye of devastation (Swamp:3)
  3 gargoyles
  A spectral elf (Vaults:2)
  4 freezing wraiths
  5 rime drakes
  2 unseen horrors
  8 yaktaurs
  A redback zombie (Crypt:1)
  An efreet (D:10)
  15 komodo dragons
  3 tengu conjurers
  An anaconda simulacrum (IceCv)
  A troll (shapeshifter) (D:14)
  7 trolls
  Grinder (Sewer)
  A tarantella (Vaults:3)
  6 tyrant leeches
  A wolf spider simulacrum (D:15)
  9 meliai
  9 hornets
  5 polar bears
  A jumping spider zombie (Crypt:1)
  Prince Ribbit (D:7)
  13 blink frogs
  13 dream sheep
  A water elemental (Elf:3)
  A culicivora (D:15)
  23 slime creatures
  A centaur simulacrum (D:14)
  Eustachio (D:6)
  6 spriggans
  9 wraiths
  4 air elementals
  2 fire bats (Volcano)
  A wyvern (Lair:4)
  A shadow (D:12)
  12 fire elementals
  17 vampire mosquitoes
  45 yaks
  6 hogs (Lair:4)
  6 basilisks
  A death yak simulacrum (IceCv)
  A steam dragon (Volcano)
  A redback (Vaults:4)
  39 nagas
  12 swamp worms
  Edmund (D:6)
  4 wargs
  Menkaure (D:6)
  A harpy simulacrum (IceCv)
  4 acid dragons
  15 water moccasins
  A cane toad zombie (Crypt:1)
  A glowing shapeshifter skeleton (Vaults:4)
  Duvessa (D:7)
  2 hell hounds (Volcano)
  9 swamp drakes
  A hydra simulacrum (IceCv)
  22 orc warriors
  A floating eye (shapeshifter) (Elf:3)
  An ice beast (D:4)
  3 black bears
  2 sky beasts
  4 ogres
  3 boggarts (Vaults:2)
  16 wolves
  8 centaurs
  A phantom (D:5)
  4 kobold brigands
  Blork the orc (D:6)
  A gnoll sergeant (D:11)
  16 bullfrogs
  5 necrophages
  3 scorpions
  A glowing shapeshifter simulacrum (Vaults:2)
  A cane toad simulacrum (IceCv)
  7 wights
  A wyvern skeleton (Crypt:1)
  Dowan (D:7)
  3 killer bees (D:9)
  An elephant simulacrum (IceCv)
  A human simulacrum (Vaults:4)
  An electric eel (Lair:2)
  2 howler monkeys
  10 lava snakes
  A quasit (Sewer)
  A black bear zombie (Crypt:1)
  5 hounds
  A centaur skeleton (Crypt:1)
  18 orc priests
  4 iguanas
  33 orc wizards
  3 wolf simulacra (IceCv)
  8 gnolls
  13 adders
  4 river rats (D:5)
  4 shadow imps
  4 ufetubi
  6 worms
  4 dart slugs
  73 orcs
  5 bats
  A bat zombie (Sewer)
  9 endoplasms
  11 giant cockroaches
  7 goblins
  13 hobgoblins
  4 jackals (D:1)
  8 quokkas
  12 ball pythons
  5 frilled lizards
  2 giant cockroach zombies (Crypt:1)
  39 kobolds
  A kobold zombie (Sewer)
  8 rats
1581 creatures vanquished.

Vanquished Creatures (collateral kills)
  Vashnia (Snake:4)
  A naga warrior (Snake:4)
  An orc knight (Vaults:4)
  An orc priest (D:4)
  An orc wizard (Orc:1)
  2 shadow imps (D:4)
  7 orcs (Orc:1)
14 creatures vanquished.

Vanquished Creatures (others)
  A nagaraja (Snake:4)
  An eleionoma (Swamp:2)
  A deep elf annihilator (Elf:3)
  A naga sharpshooter (Snake:4)
  A deep elf knight (Elf:3)
  A deep troll (Depths:1)
  A wizard (Vaults:2)
  A deep elf pyromancer (Orc:2)
  3 deep elf zephyrmancers
  A bloated husk (Swamp:2)
  2 hornets (Swamp:4)
  An air elemental (Elf:1)
  A yak (Lair:1)
  A hell hound (Volcano)
  6 jellies (Crypt:1)
  An orc (Elf:2)
  An endoplasm (Sewer)
  A kobold zombie (Crypt:1)
  18 foxfires
44 creatures vanquished.

Grand Total: 1639 creatures vanquished

Notes
Turn   | Place    | Note
-------+----------+-------------------------------------------
     0 | D:1      | jt the Djinni Fighter began the quest for the Orb.
     0 | D:1      | Reached XP level 1. HP: 20/20 MP: 0/0
   169 | D:1      | Reached XP level 2. HP: 25/25 MP: 0/0
   269 | D:1      | Reached XP level 3. HP: 30/30 MP: 0/0
   269 | D:1      | Learned a level 1 spell: Slow
   546 | D:1      | Found a faded altar of an unknown god.
   554 | D:1      | Prayed at the altar of an unknown god.
   554 | D:1      | Became a worshipper of Ignis, the Dying Flame
   982 | D:2      | Reached XP level 4. HP: 31/35 MP: 0/0
  1102 | D:2      | Found Vith's Armour Shoppe.
  1670 | D:2      | Found Maqif's Antique Weapon Shop.
  1790 | D:3      | Identified a scroll of acquirement
  1791 | D:3      | Acquired the +9 broad axe of Honour {heavy, Str+4}
  1825 | D:3      | Reached XP level 5. HP: 40/40 MP: 0/0
  1825 | D:3      | Learned a level 2 spell: Call Imp
  1898 | D:3      | Found an iron altar of Okawaru.
  2226 | D:3      | Found a sparkling altar of Nemelex Xobeh.
  2226 | D:3      | Found an opulent altar of Gozag.
  2389 | D:4      | Noticed an ice beast
  2398 | D:4      | Killed an ice beast
  2399 | D:4      | Reached XP level 6. HP: 46/46 MP: 0/0
  2473 | D:4      | Found a transporter.
  2690 | D:4      | Found a transporter.
  2750 | D:4      | Reached skill level 5 in Axes
  2765 | D:4      | Reached XP level 7. HP: 50/50 MP: 0/0
  2765 | D:4      | Learned a level 3 spell: Ignite Poison
  2775 | D:4      | Gained mutation: You are strong-willed. (Will+) [potion of
                  | mutation]
  2775 | D:4      | Gained mutation: You expend health (3 HP) to strengthen
                  | your wands. [potion of mutation]
  3148 | D:5      | Entered Level 5 of the Dungeon
  3278 | D:5      | Found a glowing drain.
  3282 | Sewer    | Entered a sewer
  3464 | Sewer    | Found a burning altar of Makhleb.
  3484 | Sewer    | Reached XP level 8. HP: 39/56 MP: 0/0
  3551 | Sewer    | Noticed Grinder
  3557 | Sewer    | Killed Grinder
  3874 | D:5      | Found Igregaeh's Antique Armour Emporium.
  4495 | D:6      | Reached XP level 9. HP: 45/61 MP: 0/0
  4495 | D:6      | Learned a level 3 spell: Summon Guardian Golem
  4583 | D:6      | Noticed Blork the orc
  4588 | D:6      | Killed Blork the orc
  4691 | D:6      | Noticed Menkaure
  4698 | D:6      | Killed Menkaure
  4737 | D:6      | Identified the ring "Gucef" {Will+ Int+3}
  4790 | D:6      | Noticed Edmund
  4798 | D:6      | Killed Edmund
  4905 | D:6      | Noticed Eustachio
  4910 | D:6      | Killed Eustachio
  4911 | D:6      | Reached skill level 1 in Evocations
  5096 | D:6      | Found a staircase to the Ecumenical Temple.
  5108 | Temple   | Entered the Ecumenical Temple
  5161 | D:6      | Reached skill level 10 in Axes
  5164 | D:6      | Noticed a troll
  5167 | D:6      | Killed a troll
  5183 | D:6      | Reached XP level 10. HP: 41/67 MP: 0/0
  5441 | D:6      | Reached XP level 11. HP: 78/78 MP: 0/0
  5441 | D:6      | Learned a level 5 spell: Lee's Rapid Deconstruction
  5532 | D:7      | Found a flagged portal.
  5548 | Bailey   | Entered a bailey
  5561 | Bailey   | Noticed an orc knight
  5896 | Bailey   | Killed an orc knight
  6104 | D:7      | Noticed Prince Ribbit
  6119 | D:7      | Killed Prince Ribbit
  6151 | D:7      | Noticed Joseph
  6162 | D:7      | Killed Joseph
  6254 | D:7      | Noticed Dowan
  6255 | D:7      | Noticed Duvessa
  6261 | D:7      | Killed Dowan
  6265 | D:7      | Killed Duvessa
  6916 | D:8      | Noticed Psyche
  6918 | D:8      | Killed Psyche
  6951 | D:8      | Found a sacrificial altar of Ru.
  6967 | D:8      | Found a burning altar of Makhleb.
  7126 | D:8      | Found a staircase to the Lair.
  7450 | D:8      | Found a white marble altar of Elyvilon.
  7640 | D:8      | Noticed Pikel
  7653 | D:8      | Killed Pikel
  7949 | Lair:1   | Entered Level 1 of the Lair of Beasts
  7971 | Lair:1   | You are sucked into a shaft and drop 1 floor!
  7971 | Lair:2   | Noticed an eleionoma
  7971 | Lair:2   | Found a staircase to the Swamp.
  7979 | Lair:2   | Killed an eleionoma
  8131 | Lair:2   | Reached XP level 12. HP: 30/84 MP: 0/0
  8302 | Lair:2   | Noticed a four-headed hydra
  8314 | Lair:2   | Killed a one-headed hydra
  8911 | Lair:1   | Found the +18 Lear's hauberk
  9165 | Lair:1   | Reached skill level 15 in Axes
  9416 | D:5      | Bought a pair of heavily runed gloves for 256 gold pieces
  9416 | D:5      | Identified the +0 pair of gloves of Bitterness {rF+ MP-9
                  | Dex+5} (You bought it in a shop on level 5 of the Dungeon)
  9547 | D:9      | Found a staircase to the Orcish Mines.
  9595 | D:9      | Noticed Erica
  9611 | D:9      | Killed Erica
  9703 | D:9      | Found a bloodstained altar of Trog.
  9703 | D:9      | Noticed jt's ghost (journeyman DjCA)
  9704 | D:9      | Noticed a tengu warrior
  9705 | D:9      | Noticed a two-headed ogre
  9710 | D:9      | Found a transporter.
  9714 | D:9      | Found a transporter.
 10028 | D:9      | Reached skill level 5 in Shields
 10028 | D:9      | Reached XP level 13. HP: 92/92 MP: 0/0
 10028 | D:9      | Learned a level 5 spell: Summon Mana Viper
 10090 | D:9      | Identified the +0 robe "Satuckiz" {Contam Harm rElec SInv}
 10229 | D:9      | Found a shimmering altar of Xom.
 10229 | D:9      | Found a basalt altar of Yredelemnul.
 10343 | D:9      | Found Aryneuw's Alliterative Armaments.
 10367 | D:9      | Found a snail-covered altar of Cheibriados.
 10367 | D:9      | Found a shadowy altar of Dithmenos.
 10367 | D:9      | Found a broken altar of Ashenzari.
 10370 | D:9      | Found a stormy altar of Qazlal.
 10372 | D:9      | Found a hide-covered altar of Uskayaw.
 10583 | D:10     | Entered Level 10 of the Dungeon
 10629 | D:10     | Reached skill level 1 in Spellcasting
 10629 | D:10     | Reached skill level 1 in Conjurations
 10629 | D:10     | Reached skill level 1 in Hexes
 10629 | D:10     | Reached skill level 1 in Summonings
 10629 | D:10     | Reached skill level 1 in Necromancy
 10629 | D:10     | Reached skill level 1 in Translocations
 10629 | D:10     | Reached skill level 1 in Transmutations
 10629 | D:10     | Reached skill level 1 in Fire Magic
 10629 | D:10     | Reached skill level 1 in Ice Magic
 10629 | D:10     | Reached skill level 1 in Air Magic
 10629 | D:10     | Reached skill level 1 in Earth Magic
 10629 | D:10     | Reached skill level 1 in Poison Magic
 10689 | Orc:1    | Entered Level 1 of the Orcish Mines
 10689 | Orc:1    | Noticed an orc warlord
 10696 | Orc:1    | Noticed Urug
 10702 | Orc:1    | Killed an orc warlord
 10707 | Orc:1    | Urug changed into something unseen
 10724 | Orc:1    | Killed Urug the unseen horror
 11272 | Orc:2    | Entered Level 2 of the Orcish Mines
 11395 | Orc:1    | Reached XP level 14. HP: 72/98 MP: 0/0
 11644 | Orc:2    | Identified the +2 ring mail of Freedom {rPois rC+ Dex-3}
 12070 | D:2      | Bought the +2 ice dragon scales "Loxushiq" {rF- rC++ rN+}
                  | for 812 gold pieces
 12419 | Orc:2    | Found a staircase to the Elven Halls.
 14763 | Lair:3   | Found a dark tunnel.
 14819 | Volcano  | Entered a volcano
 15187 | Volcano  | Found a bloodstained altar of Trog.
 16060 | Lair:3   | Reached XP level 15. HP: 37/104 MP: 0/0
 16060 | Lair:3   | Learned a level 6 spell: Leda's Unmaking
 16540 | Lair:3   | Found a staircase to the Snake Pit.
 17200 | Lair:4   | Noticed Kirke
 17203 | Lair:4   | Noticed a sphinx
 17580 | Orc:2    | Found Xeloe's Book Emporium.
 17686 | Orc:2    | Found Feepnas's Magic Scroll Emporium.
 17707 | Orc:2    | Noticed Erolcha
 17715 | Orc:2    | Killed Erolcha
 17792 | Orc:2    | Found Unnawoyr's Book Shoppe.
 17860 | Orc:2    | Found Juonemp's Antique Weapon Shoppe.
 18859 | D:10     | Reached skill level 10 in Fighting
 19977 | D:11     | Found a portal to a secret trove of treasure.
 20209 | D:12     | Noticed Fannar
 20235 | D:12     | Killed Fannar
 20551 | D:12     | You are sucked into a shaft and drop 2 floors!
 20707 | D:12     | Noticed Gastronok
 20722 | D:12     | Killed Gastronok
 22188 | D:13     | Reached skill level 10 in Armour
 22291 | D:13     | Reached XP level 16. HP: 88/116 MP: 0/0
 23579 | D:13     | Found a gate to the Vaults.
 24859 | D:14     | Found a white marble altar of Elyvilon.
 25085 | D:15     | Entered Level 15 of the Dungeon
 25609 | D:14     | Reached skill level 5 in Evocations
 26048 | D:15     | Found a staircase to the Depths.
 26500 | Depths:1 | Entered Level 1 of the Depths
 27056 | Lair:4   | Reached XP level 17. HP: 127/127 MP: 0/0
 27056 | Lair:4   | Learned a level 7 spell: Orb of Destruction
 27088 | Lair:4   | Killed Kirke
 27315 | Lair:5   | Entered Level 5 of the Lair of Beasts
 27573 | Lair:5   | Found a frozen archway.
 27618 | IceCv    | Entered an ice cave
 28719 | Lair:5   | Found a viscous altar of Jiyva.
 28719 | Lair:5   | Found a staircase to the Slime Pits.
 29230 | Lair:5   | Reached skill level 1 in Throwing
 29895 | Snake:1  | Entered Level 1 of the Snake Pit
 30037 | Snake:1  | Noticed Aizul
 30057 | Snake:1  | Killed Aizul
 30491 | Snake:1  | Found Naost's Armour Boutique.
 30491 | Snake:1  | Found Pahill Zazo's Magic Scroll Shop.
 30531 | Snake:1  | Bought a scroll of blinking for 112 gold pieces
 30531 | Snake:1  | Bought a scroll of butterflies for 60 gold pieces
 30531 | Snake:1  | Bought a scroll of revelation for 112 gold pieces
 30820 | Snake:2  | Reached skill level 15 in Fighting
 30895 | Snake:2  | Reached XP level 18. HP: 106/138 MP: 0/0
 31565 | Snake:2  | Found a burning altar of Makhleb.
 31664 | Snake:2  | Identified the amulet "Obaesaut" {RegenMP rPois Str-5
                  | Int+2}
 33025 | Snake:3  | Reached skill level 15 in Armour
 33144 | Snake:3  | Noticed Saint Roka
 33302 | Snake:3  | Killed Saint Roka
 33866 | Snake:4  | Entered Level 4 of the Snake Pit
 35129 | Snake:4  | Noticed Roxanne
 35360 | Snake:4  | Reached XP level 19. HP: 115/145 MP: 0/0
 35360 | Snake:4  | Learned a level 6 spell: Summon Cactus Giant
 36430 | Snake:4  | Got a serpentine rune of Zot
 37256 | Snake:4  | Reached skill level 10 in Shields
 37355 | Snake:4  | Noticed Vashnia
 37975 | Snake:4  | Killed Vashnia
 38252 | Snake:4  | Killed Roxanne
 38453 | Swamp:1  | Entered Level 1 of the Swamp
 38533 | Swamp:1  | Reached skill level 1 in Shapeshifting
 38775 | Swamp:1  | Identified the +5 great sword of War {flame, Will+}
 39170 | Swamp:1  | Noticed Josephine
 39175 | Swamp:1  | Killed Josephine
 40459 | Swamp:2  | Found a runed translucent door.
 40460 | Swamp:2  | Noticed MackTheKnife's ghost (adept DjAE)
 40620 | Swamp:3  | Found a transporter.
 40620 | Swamp:3  | Found a transporter.
 40674 | Swamp:3  | Reached XP level 20. HP: 65/152 MP: 0/0
 41526 | Swamp:3  | Noticed MirrMurr's ghost (adept SpHu)
 41528 | Swamp:3  | Found a one-way gate to the infinite horrors of the Abyss.
 41561 | Swamp:4  | Entered Level 4 of the Swamp
 41855 | Swamp:4  | Reached skill level 5 in Shapeshifting
 42950 | Swamp:4  | Got a decaying rune of Zot
 43693 | D:9      | Killed jt's ghost
 43841 | Vaults:1 | Entered Level 1 of the Vaults
 44070 | Vaults:1 | Identified the +5 scale mail "Gekhlas" {rElec rF++ rC-
                  | rCorr}
 44136 | Vaults:1 | Found Laedghoo's Weapon Boutique.
 44405 | Vaults:1 | Identified the +3 arbalest of the Volcano {drain, Str+2
                  | Dex+4}
 45332 | Vaults:1 | Reached XP level 21. HP: 112/157 MP: 0/0
 45332 | Vaults:1 | Learned a level 7 spell: Monstrous Menagerie
 45542 | Vaults:1 | Reached skill level 15 in Shields
 46724 | Vaults:2 | Found a staircase to the Crypt.
 47317 | Elf:1    | Entered Level 1 of the Elven Halls
 47342 | Elf:3    | Entered Level 3 of the Elven Halls
 47692 | Elf:1    | Found a runed translucent door.
 47695 | Elf:1    | Noticed NigelTetley's ghost (adept DgHu)
 47763 | Elf:1    | Paralysed by an air elemental for 1 turns
 47766 | Elf:1    | Paralysed by an air elemental for 1 turns
 47941 | Elf:1    | Identified the +0 pair of boots of the Swamp {rElec
                  | Will+++}
 48115 | Elf:1    | Reached skill level 10 in Shapeshifting
 48572 | Elf:1    | Killed NigelTetley's ghost
 49180 | Elf:3    | Paralysed by an air elemental for 1 turns
 49183 | Elf:3    | Paralysed by an air elemental for 1 turns
 49185 | Elf:3    | Paralysed by an air elemental for 1 turns
 49190 | Elf:3    | Paralysed by an air elemental for 1 turns
 50442 | Elf:3    | Identified the +8 trident of Mayhem {elec, rElec rPois
                  | Str+3 Int-3}
 50464 | Elf:3    | Paralysed by an air elemental for 1 turns
 50467 | Elf:3    | Paralysed by an air elemental for 1 turns
 50664 | Elf:3    | Identified the +0 chain mail of Baldness {Int+3}
 50664 | Elf:3    | Identified the ring "Ojiucih" {rPois rN++ Int+6 Slay+3}
 50917 | Elf:3    | Reached XP level 22. HP: 145/164 MP: 0/0
 51032 | Elf:3    | Identified the +9 spear of Fury {antimagic, Drain rElec rF+
                  | Will+}
 51052 | Elf:3    | Identified the +3 arbalest of Malum In Se {freeze, Str+3
                  | Int+2}
 51309 | Elf:3    | Identified the ring of Romapn {rElec rN+ rCorr}
 51434 | Elf:3    | Identified the +11 falchion "Uluaruu" {elec, rC+}
 51496 | Elf:3    | Identified the +1 scale mail "Woniesur" {Fly rF+ rN+ Str+2}
 51497 | Elf:3    | Identified the +4 quarterstaff "Sihocei" {elec, rElec rPois
                  | rN+++ Stlth-}
 51796 | Elf:3    | Identified the staff of the Eleven Friends {rF+ Int+3
                  | Earth}
 51800 | Elf:3    | Identified the staff of the Snake Pit {Fragile rElec rCorr
                  | MP+9 Earth}
 51980 | Elf:3    | Acquired 1190 gold pieces
 52383 | Vaults:2 | Reached skill level 5 in Spellcasting
 52893 | Vaults:2 | Noticed Gonzollydolly's ghost (adept TrCK)
 52894 | Vaults:2 | Found a transporter.
 52920 | Vaults:2 | Found a transporter.
 52999 | Vaults:2 | Reached skill level 5 in Conjurations
 52999 | Vaults:2 | Reached skill level 5 in Hexes
 52999 | Vaults:2 | Reached skill level 5 in Summonings
 52999 | Vaults:2 | Reached skill level 5 in Necromancy
 52999 | Vaults:2 | Reached skill level 5 in Translocations
 52999 | Vaults:2 | Reached skill level 5 in Transmutations
 52999 | Vaults:2 | Reached skill level 5 in Fire Magic
 52999 | Vaults:2 | Reached skill level 5 in Ice Magic
 52999 | Vaults:2 | Reached skill level 5 in Air Magic
 52999 | Vaults:2 | Reached skill level 5 in Earth Magic
 52999 | Vaults:2 | Reached skill level 5 in Poison Magic
 54060 | Vaults:3 | Noticed Zenata
 54074 | Vaults:3 | Killed Zenata
 55245 | Vaults:2 | Killed Gonzollydolly's ghost
 55628 | Vaults:3 | Reached XP level 23. HP: 108/173 MP: 0/0
 55628 | Vaults:3 | Learned a level 7 spell: Ozocubu's Refrigeration
 58508 | Vaults:4 | Reached skill level 10 in Spellcasting
 58992 | Vaults:4 | Identified the +0 chain mail of the Bursted God {+Inv rF++
                  | Str-3 Stlth+}
 60604 | Orc:2    | Bought the +8 demon blade "Leech" {evervamp, Harm Drain
                  | rN+} for 2718 gold pieces
 60604 | Orc:2    | Found the +8 demon blade "Leech" {evervamp, Harm Drain rN+}
 60604 | Orc:2    | Bought a crude morningstar for 270 gold pieces
 60604 | Orc:2    | Identified the +7 morningstar of Yruocw {pain, +Blink rC+
                  | Int+3} (You bought it in a shop on level 2 of the Orcish
                  | Mines)
 60774 | D:11     | You paid a toll of a +8 demon blade to enter a treasure
                  | trove
 60775 | Trove    | Entered a treasure trove
 60779 | Trove    | Identified the ring "Buxyvuq" {Str+6 Int+5 Slay+2 Stlth-}
 60781 | Trove    | Identified the ring of Maduhys {rPois AC+4}
 60801 | Trove    | Identified the ring of Acsedghin {rN+ rCorr Str-5 SInv
                  | Stlth+}
 60813 | Trove    | Identified the ring "Nikamyqibb" {rF+ rN+ Str-3 Int+3}
 61038 | Vaults:5 | Entered Level 5 of the Vaults
 61636 | Lair:2   | Reached XP level 24. HP: 183/183 MP: 0/0
 62581 | Depths:1 | Found a hazy altar of Hepliaklqana.
 62774 | Depths:1 | Found a gateway to Hell.
 63917 | Lair:5   | Fell from the grace of Ignis
 63917 | Lair:5   | Became a worshipper of Jiyva Juanihym the Shapeless
 64233 | Crypt:1  | Entered Level 1 of the Crypt
 64927 | Crypt:1  | Reached skill level 10 in Evocations
 64949 | Crypt:1  | Reached * piety under Jiyva
 65150 | Crypt:1  | You are sucked into a shaft and drop 1 floor!
 65159 | Crypt:2  | HP: 11/224 [skeletal warrior/+0 flail[an ancient champion]
                  | (13)]
 65160 | Crypt:2  | Slain by a skeletal warrior

Illustrated notes

Levels and vault maps discovered:
D:1:      ldierk_walled_garden_2, layout_loops_ring,
          ebering_ecumenical_altar_webs
D:2:      layout_loops_ring, serial_shops, nicolae_shop_stone,
          nicolae_shop_temple_entry_statues_fountains, minmay_tromino_v7
D:3:      layout_rooms, grunt_temple_overflow_opulence, okawaru_gym_becter,
          grunt_decor_fettered, kennysheep_small_spiral, st_stairs_5,
          nicolae_concentric_dashed_squares_wild, serial_park_tiny_pond,
          minmay_misc_feat_room, chequers_serial_rivers_micro_e
D:4:      gammafunk_wand_slinger, layout_basic
D:5:      layout_basic, lightli_sewer_entry_pipes, serial_shops, shop,
          chequers_serial_rivers_micro_e, kennysheep_generic_room_14
D:6:      minmay_chambers_of_sixes, layout_gridville,
          nicolae_kikubaaqudgha_miasma_corner, minmay_temple_entry_grid,
          minmay_misc_feat_roman, uniq_menkaure, uniq_edmund,
          uniq_blork_the_orc, uniq_eustachio
D:7:      layout_gridville, enter_bailey_4, uniq_prince_ribbit1, uniq_joseph,
          uniq_duvessa
D:8:      layout_gridville, lemuel_tele_altar, lemuel_round_altar,
          bloody_makhleb, erik_lair_orcish_takeover, uniq_pikel, uniq_psyche
D:9:      layout_cave_pods, gammafunk_temple_overflow_statue, minitemple,
          david_orc_3, gammafunk_ghost_wrathful_warriors,
          monkooky_shop_alliterative, uniq_erica
D:10:     layout_loops_cross
D:11:     layout_irregular_city, enter_trove_3
D:12:     layout_basic, uniq_fannar, uniq_gastronok
D:13:     layout_rooms, grunt_vaults_entry_fortified
D:14:     layout_long_grid, elyvilon_altar_3, grunt_ministairs_5
D:15:     hangedman_depths_entry_civil_slaughter, layout_loops_ring
Temple:   hellmonk_temple_two_chambers
Lair:1:   layout_misc_corridors, serial_bayou_shore_b
Lair:2:   layout_regular_city, alex1729_swamp_entry_worm_eleionoma,
          minmay_shattered_shrine, serial_bayou_shore_b, serial_bayou_shore_a
Lair:3:   layout_gridlike, nicolae_snake_entry_warm_welcome,
          nicolae_volcano_entry_vermiform, minivault_23, lemuel_fruit_fields
Lair:4:   layout_hall_layers, grunt_forest_large_clearing_hut, uniq_kirke
Lair:5:   grunt_lair_end_beastmaster, layout_loops_ring,
          dpeg_slime_entry_enclosed, serial_bayou, serial_bayou_pond_a,
          serial_bayou_pond_c, serial_bayou_lagoon_a, serial_bayou_pond_b,
          portal_ice_cave_rime, grunt_forest_small_clearing_treed
Swamp:1:  cheibrodos_swamp_tower_of_moss, layout_falls_marsh,
          evilmike_swamp_ruin_house_3, swamp_pool2, statue_in_the_mist_lemuel,
          hangedman_swamp_ravenous, uniq_josephine
Swamp:2:  layout_basic_swamp, ebering_ghost_reflecting_pool,
          evilmike_swamp_ruin_house_6, swamp_pool4
Swamp:3:  layout_basic_swamp, gammafunk_ghost_abyssal_escape,
          hangedman_swamp_cone
Swamp:4:  swamp, layout_basic_swamp, swamp_pool4
Snake:1:  layout_rooms, minmay_shoptagon, uniq_aizul
Snake:2:  layout_gridlike, basic_altar
Snake:3:  layout_basic, grunt_megastairs_1, uniq_saint_roka
Snake:4:  grunt_snake_rune_spirals, layout_onion, drop_trap, uniq_vashnia,
          uniq_roxanne
Orc:1:    layout_caves, uniq_urug
Orc:2:    kennysheep_orc_mage_school, layout_diamond_mine, elves_outpost_lemuel
Elf:1:    eino_elf_arrival_customs, layout_gridlike,
          hellmonk_ghost_happy_afterlife, kennysheep_underground_church,
          grunt_ministairs_12
Elf:2:    elven_hall_of_blades_hangedman_original [nicolae_blade_lattice],
          layout_loops_corners, basic_altar, grunt_ministairs_14,
          nicolae_twisty_statue_hallways, lemuel_elevator
Elf:3:    grunt_elf_hall_branching, layout_geoelf_diagonals
Vaults:1: nicolae_vaults_network_quinsquares
          [nicolae_vaults_network_quincunx_subvault,
          nicolae_vaults_network_quincunx_subvault,
          nicolae_vaults_network_quincunx_subvault,
          nicolae_vaults_network_quincunx_subvault], nicolae_vaults_arrows,
          nicolae_vaults_apartment_2, nicolae_vaults_big_ls,
          nicolae_vaults_little_ls, nicolae_vaults_yaktaur_gun_rack,
          nicolae_vaults_enemy_cabinets,
          vaults_standard_mumra_enter_the_diamond, layout_vaults_chaotic_city,
          serial_shops, nicolae_shop_bloodbath_and_beyond
Vaults:2: gammafunk_ghost_mausoleum, nicolae_vaults_stairing_the_circle,
          minmay_crypt_entry_simple_sparse, v_misc_4, vaults_room_octagon,
          nicolae_vaults_trapezoid_1, v_pattern_1, nicolae_vaults_murder_corner,
          hangedman_vaults_slice, layout_vaults_quadrants
Vaults:3: ontoclasm_vaults_chip, nicolae_vaults_variable_pillar_hall,
          grunt_vaults_swirl, nicolae_vaults_little_squares_3,
          nicolae_vaults_oval_intersection, nicolae_vaults_bisected_exclaves,
          vaults_standard_mumra_x, v_misc_11,
          nicolae_vaults_offset_grid_hallway_2, ontoclasm_vaults_ligature,
          hangedman_vaults_stretched_pinwheel, nicolae_vaults_surprise_closet,
          nicolae_vaults_tetromino_T_1, layout_vaults_ring, uniq_zenata
Vaults:4: vaults_dpeg_ring, st_greater_box_1, v_misc_5,
          nicolae_vaults_puzzle_piece, nicolae_vaults_surprise_closet,
          v_rooms_1, grunt_vaults_hallway_short, v_pattern_2,
          ontoclasm_vaults_gateway, nicolae_vaults_trapezoid_4,
          nicolae_vaults_shrinking_rooms_1, layout_vaults_omnicross
Vaults:5
Crypt:1:  layout_gridlike
Crypt:2:  layout_chaotic_city
Depths:1: layout_gridlike, hell_entry, abyss_entry_small_statue_room,
          hangedman_abyss_or_decor_stabs, minmay_tree_intersection,
          worldfamousw_hep_ancestral_shrine
Depths:2: minmay_sliced_demisemicircle, layout_gridville,
          kennysheep_another_room, rand_demon_pan_entry_7,
          hangedman_abyss_entry_splay, hell_entry, nicolae_transmutations_shop

Skill      XL: |  1  2  3  4  5  6  7  8  9 10 11 12 13 14 15 16 17 18 19 20 21 22 23 24 |
---------------+-------------------------------------------------------------------------+-----
Axes           | 2 3 4 5 6 8 10 12 14 15 16 18 | 18.0
Evocations     | 3 4 5 7 8 10 | 10.2
Fighting       | 6 8 11 13 15 16 17 18 | 18.8
Armour         | 6 7 10 12 14 15 | 15.5
Shields        | 5 6 8 12 14 15 | 15.0
Spellcasting   | 1 3 7 11 12 | 12.0
Conjurations   | 1 3 6 8 9 |  9.1
Hexes          | 1 3 6 8 9 |  9.1
Summonings     | 1 3 6 8 9 |  9.1
Necromancy     | 1 3 6 8 9 |  9.1
Translocations | 1 3 6 8 9 |  9.1
Transmutations | 1 3 6 8 9 |  9.1
Fire Magic     | 1 3 6 8 9 |  9.1
Ice Magic      | 1 3 6 8 9 |  9.1
Air Magic      | 1 3 6 8 9 |  9.1
Earth Magic    | 1 3 6 8 9 |  9.1
Poison Magic   | 1 3 6 8 9 |  9.1
Throwing       | 2 |  2.0
Shapeshifting  | 4 7 11 13 14 | 14.4

Action                     |  1- 3 |  4- 6 |  7- 9 | 10-12 | 13-15 | 16-18 | 19-21 | 22-24 || total
---------------------------+-------+-------+-------+-------+-------+-------+-------+-------++-------
  Melee: War axe           |   126 |    75 |       |     6 |     9 |       |       |       ||   216
         Broad axe         |       |    59 |   148 |   238 |   663 |   991 |  1146 |   894 ||  4139
         Staff             |       |       |       |       |       |     5 |    12 |       ||    17
         Trident           |       |       |       |       |       |       |    19 |    35 ||    54
   Fire: Orcbow            |       |       |       |    65 |       |       |       |       ||    65
         Sling             |       |       |       |       |     4 |       |     5 |       ||     9
  Throw: Dart              |       |       |     4 |    19 |    50 |     7 |     1 |     1 ||    82
         Javelin           |       |       |       |       |     2 |    20 |     5 |     2 ||    29
         Throwing net      |       |       |       |       |       |     1 |       |       ||     1
   Cast: Slow              |     1 |       |       |       |       |       |       |       ||     1
         Summon Guardian G |       |       |       |       |       |       |     1 |       ||     1
         Lee's Rapid Decon |       |       |       |       |       |       |       |    15 ||    15
 Invoke: Fiery Armour      |       |       |     4 |     3 |     2 |       |       |     1 ||    10
         Rising Flame      |       |       |       |       |       |       |       |     1 ||     1
Ability: Begin Untransform |       |       |       |       |       |       |     1 |     1 ||     2
  Evoke: Wand              |       |       |     2 |     6 |    15 |    18 |    29 |     6 ||    76
         Phial of floods   |       |       |       |     1 |     1 |       |       |       ||     2
         Phantom mirror    |       |       |       |       |     3 |     2 |     2 |     2 ||     9
         Tin of tremorston |       |       |       |       |       |       |     3 |     1 ||     4
         Lightning rod     |       |       |       |       |       |       |       |     3 ||     3
    Use: Scroll            |       |     7 |     6 |     6 |     6 |     8 |     6 |    14 ||    53
         Potion            |       |     2 |     4 |     8 |     7 |     5 |     9 |    11 ||    46
   Stab: Distracted        |       |       |       |       |       |     1 |     1 |     2 ||     4
         Petrifying        |       |       |       |       |       |     1 |       |       ||     1
         Held in net/web   |       |       |       |       |       |     2 |       |       ||     2
         Invisible         |       |       |       |       |       |       |       |     4 ||     4
 Armour: Scale mail        |    71 |    67 |    77 |    80 |    57 |       |       |       ||   352
         Skin              |       |     7 |       |       |       |       |       |   216 ||   223
         Leather armour    |       |       |       |    15 |       |       |       |       ||    15
         Ice dragon scales |       |       |       |       |   180 |   349 |   373 |   272 ||  1174
  Dodge: Dodged            |    73 |    46 |    94 |   157 |   312 |   496 |   476 |   268 ||  1922
  Block: Buckler           |    23 |    35 |    44 |    57 |   280 |   603 |     7 |       ||  1049
         Reflection        |       |       |       |       |     7 |    80 |    97 |    33 ||   217
         Kite shield       |       |       |       |       |       |       |  1103 |  1039 ||  2142
   Form: Maw               |       |       |       |       |       |       |     1 |       ||     1
         Statue            |       |       |       |       |       |       |       |     2 ||     2

Table legend: (Time is in decaauts)
 A = Elapsed time spent in this place.
 B = Non-inter-level travel time spent in this place.
 C = Inter-level travel time spent in this place.
 D = Time resting spent in this place.
 E = Time spent auto-exploring this place.
 F = Levels seen in this place.
 G = Mean time per level.
                   A        B        C        D        E       F      G
               +--------+--------+--------+--------+--------+-----+--------+
         Total |  68028 |  61729 |   6299 |  22315 |  21151 |  48 | 1417.2 |
       Dungeon |  19526 |  16852 |   2674 |   4038 |   8240 |  15 | 1301.7 |
        Temple |      1 |      1 |      0 |      0 |      0 |   1 |    1.0 |
          Lair |   8324 |   7429 |    895 |   2445 |   2763 |   5 | 1664.8 |
         Swamp |   4885 |   4695 |    190 |   1936 |   1527 |   4 | 1221.2 |
     Snake Pit |   8635 |   8210 |    425 |   3496 |   2090 |   4 | 2158.8 |
  Orcish Mines |   2767 |   2255 |    512 |    728 |    796 |   2 | 1383.5 |
   Elven Halls |   4770 |   4623 |    147 |   2425 |    869 |   3 | 1590.0 |
        Vaults |  13452 |  12238 |   1214 |   5049 |   3641 |   5 | 2690.4 |
         Crypt |   1066 |    995 |     71 |    268 |    386 |   2 |  533.0 |
        Depths |   2041 |   1872 |    169 |    919 |    523 |   2 | 1020.5 |
         Trove |     44 |     44 |      0 |      0 |      0 |   1 |   44.0 |
         Sewer |    444 |    444 |      0 |     89 |    130 |   1 |  444.0 |
        Bailey |    581 |    581 |      0 |      8 |     52 |   1 |  581.0 |
      Ice Cave |    624 |    624 |      0 |    444 |      0 |   1 |  624.0 |
       Volcano |    861 |    861 |      0 |    467 |    133 |   1 |  861.0 |
               +--------+--------+--------+--------+--------+-----+--------+

Top non-repeatable levels by time:
Vaults:4: 4336 daAuts
Vaults:2: 3456 daAuts
 Snake:4: 3172 daAuts
Vaults:1: 3075 daAuts
   Elf:3: 3013 daAuts
 Snake:3: 2807 daAuts
Vaults:3: 2557 daAuts
    D:12: 2309 daAuts
  Lair:2: 2289 daAuts
Depths:1: 1943 daAuts
  Lair:5: 1898 daAuts
    D:13: 1889 daAuts
    D:14: 1822 daAuts
     D:9: 1731 daAuts
 Snake:2: 1708 daAuts
